 Dungeon Crawl Stone Soup version 0.29.1-12-g30fa7ad0bf (webtiles) character file.

Game seed: 10808496679613818814

27199 FexLirch the Eclecticist (level 14, -33/104 HPs)
             Began as a Meteoran Earth Elementalist on Jan 3, 2023.
             Was an Elder of Cheibriados.
             Killed from afar by an oklob plant (38 damage)
             ... with a splash of acid
             ... on level 5 of the Lair of Beasts.
             The game lasted 00:46:07 (4234 turns).

FexLirch the Eclecticist (MeEE)                     Turns: 4234, Time: 00:46:07

Health: -33/104    AC:  7    Str: 18    XL:     14   Next: 2%
Magic:  29/38      EV: 21    Int: 29    God:    Cheibriados [****..]
Gold:   390        SH:  0    Dex: 27    Spells: 17/51 levels left

rFire   + . .      SeeInvis +   X - +8 trident of the Octopus King {venom, rElec rPois}
rCold   + . .      Faith    .   (no shield)
rNeg    . . .      Spirit   .   T - +4 robe of Barnacled Lucidity {rF+ SInv}
rPois   +          Reflect  .   q - +2 hat
rElec   +          Harm     .   A - +0 cloak
rCorr   .          Rampage  .   D - +0 pair of gloves
Will    +....                   L - +0 pair of boots
Stlth   +.........              (no amulet)
HPRegen 0.27/turn               j - ring of protection from cold
MPRegen 0.26/turn               N - ring of poison resistance

@: corroded, glowing, studying Axes, very slow
A: sense surroundings 2, otherworldly, glowing, explore regen
a: Renounce Religion, Bend Time, Temporal Distortion, Slouch


You were on level 5 of the Lair of Beasts.
You worshipped Cheibriados.
Cheibriados was greatly pleased with you.
You visited 3 branches of the dungeon, and saw 17 of its levels.

You collected 485 gold pieces.
You spent 95 gold pieces at shops.

Inventory:

Hand Weapons
 p - a +5 whip
 X - the +8 trident of the Octopus King (weapon) {venom, rElec rPois}
   (You found it on level 5 of the Lair of Beasts)

   It poisons the flesh of those it strikes.
   rElec:     It insulates you from electricity.
   rPois:     It protects you from poison.
Missiles
 l - 8 javelins
 m - 2 atropa-tipped darts
 r - 18 poisoned darts (quivered)
 w - 2 throwing nets
Armour
 q - a +2 hat (worn)
 A - a +0 cloak (worn)
 C - a +1 robe of willpower
 D - a +0 pair of gloves (worn)
 L - a +0 pair of boots (worn)
 T - the +4 robe of Barnacled Lucidity (worn) {rF+ SInv}
   (You found it on level 10 of the Dungeon)

   rF:        It protects you from fire.
   SInv:      It lets you see invisible.
Magical Staves
 v - a staff of conjuration
Jewellery
 b - a ring of positive energy
 j - a ring of protection from cold (left hand)
 x - a ring of protection from cold
 N - a ring of poison resistance (right hand)
Wands
 t - a wand of flame (19)
 u - a wand of quicksilver (11)
 J - a wand of digging (10)
 P - a wand of roots (12)
 R - a wand of polymorph (1)
Scrolls
 a - a scroll of blinking {unknown}
 f - a scroll of summoning {unknown}
 g - 4 scrolls of teleportation
 k - 3 scrolls of magic mapping
 n - a scroll of fear {unknown}
 y - 3 scrolls of enchant armour
 E - a scroll of acquirement {unknown}
 F - 2 scrolls of amnesia {unknown}
 H - a scroll of fog {unknown}
 I - 4 scrolls of immolation {unknown}
 M - a scroll of noise {unknown}
 O - a scroll of poison
 U - a scroll of silence {unknown}
 W - a scroll of enchant weapon {unknown}
Potions
 c - a potion of heal wounds {unknown}
 d - 2 potions of lignification
 h - 3 potions of curing
 i - 4 potions of mutation
 o - 4 potions of might
 s - a potion of experience {unknown}
 z - 3 potions of brilliance {unknown}
 B - 4 potions of flight {unknown}
 G - 7 potions of attraction
 K - 2 potions of berserk rage {unknown}
 Q - a potion of degeneration {unknown}
 S - 3 potions of resistance {unknown}
 V - 2 potions of haste {unknown}
Miscellaneous
 e - a box of beasts
 Y - a condenser vane
 Z - a phial of floods


   Skills:
 - Level 4.2 Fighting
 + Level 0.2 Polearms
 + Level 9.5 Dodging
 - Level 1.4 Stealth
 + Level 19.1 Spellcasting
 - Level 5.0 Conjurations
 - Level 4.0 Hexes
 * Level 9.2 Summonings
 - Level 4.0 Translocations
 - Level 1.2 Transmutations
 - Level 5.1 Fire Magic
 - Level 6.0 Earth Magic
 - Level 5.4 Invocations


You had 17 spell levels left.
You knew the following spells:

 Your Spells              Type           Power      Damage    Failure   Level
a - Sandblast             Erth           100%       2d20      1%          1
b - Passwall              Tmut/Erth      40%        N/A       1%          2
c - Stone Arrow           Conj/Erth      100%       3d13      1%          3
d - Flame Wave            Conj/Fire      54%        2d13      1%          4
e - Sticky Flame          Conj/Fire      54%        2d7       1%          4
f - Lee's Rapid Deconstr  Erth           29%        3d16*     3%          5
g - Iskenderun's Mystic   Conj/Tloc      52%        2d11      2%          4
h - Fulminant Prism       Conj/Hex       26%        3d14      2%          4
i - Summon Hydra          Summ           34%        N/A       28%         7

Your spell library contained the following spells:

 Spells                   Type           Power      Damage    Failure   Level
 Foxfire                  Conj/Fire      100%       2x1d9     1%          1
 Wereblood                Tmut           34%        N/A       1%          2
 Conjure Flame            Conj/Fire      54%        6-21      1%          3
 Ignite Poison            Fire/Tmut/Pois 39%        N/A       1%          3
 Inner Flame              Hex/Fire       52%        N/A       1%          3
 Sublimation of Blood     Necr           27%        N/A       2%          2
 Petrify                  Tmut/Erth      48%        N/A       3%          4


Dungeon Overview and Level Annotations

Branches:
Dungeon (11/15) Zot: 5355  Temple (1/1) D:7 Zot: 808    Lair (5/5) D:10 Zot: 2971
 Shoals (0/4) Lair:3        Snake (0/4) Lair:3        Slime (0/5) Lair:5
    Orc: D:9-12

Altars:
Cheibriados
Dithmenos
Elyvilon
Fedhas
Gozag
Hepliaklqana
Kikubaaqudgha
Makhleb
Nemelex Xobeh
Qazlal
Ru
Sif Muna
Trog
Uskayaw
Vehumet
Wu Jian
Xom
Yredelemnul
Zin
The Shining One

Shops:
D:3 *?   D:5 *   D:7 :

Annotations:
D:9 exclusion: downstairs
Lair:1 exclusion: oklob plant
Lair:5 1 runed translucent door, exclusion: 2 oklob plants, TheSexyCheese's ghost, journeyman HOFi


Innate Abilities, Weirdness & Mutations

You passively map the area around you.
You are easily found by Zot.
You glow in the dark.
You regain HP and MP as you explore.


Message History

G - 7 potions of attraction (gained 2)
Casting: Stone Arrow (safe; 1% risk of failure)
Confirm with . or Enter, or press ? or * to list all spells.
Aiming: Passwall (safe; 1% risk of failure)
Press: ? - help, Dir - move target A rock wall.
You begin to meditate on the wall.
You continue meditating on the rock. x3
You finish merging with the rock.
Found a staircase to the Slime Pits.
Casting: Passwall (safe; 1% risk of failure)
Confirm with . or Enter, or press ? or * to list all spells.
Aiming: Stone Arrow (safe; 1% risk of failure)
Press: ? - help, Shift-Dir - straight line, f - oklob plant
Aim: an oklob plant (dormant, 100% to hit)
Okay, then.
Unknown command.
Casting: Stone Arrow (safe; 1% risk of failure)
Confirm with . or Enter, or press ? or * to list all spells.
A seven-headed hydra appears.
You are splashed with acid!!
The oklob plant spits acid at you. The splash of acid hits you!!
The acid corrodes you!
Marking area around 2 oklob plants as unsafe for travelling.
Casting: Summon Hydra (quite dangerous; 28% risk of failure)
Confirm with . or Enter, or press ? or * to list all spells.
Okay, then.
Unknown command.
Casting: Summon Hydra (quite dangerous; 28% risk of failure)
Confirm with . or Enter, or press ? or * to list all spells.
Okay, then.
Unknown command.
Casting: Summon Hydra (quite dangerous; 28% risk of failure)
Confirm with . or Enter, or press ? or * to list all spells.
Aiming: Passwall (safe; 1% risk of failure)
Press: ? - help, Dir - move target A slime covered rock wall.
You are splashed with acid!!!
* * * LOW HITPOINT WARNING * * *
The oklob plant spits acid at you. The splash of acid hits you!!!
You die...

...#........ *
÷.###....#.. *....
...###...... ##...#
....# #..... .....#
...## ##.##* ##P...
.÷.## ## #....#
.÷..### #.>P.#
÷...#P## ### #...D#
.÷.....###.# #@# *
.<....##...# ###
......P###.########
......####........#
......###........##*
.....###.#.........#
...### #.#....#..###
....# #....#..###
.#######.#####.#


You could see 2 oklob plants and a friendly seven-headed hydra (summoned).

Vanquished Creatures
  2 hydras
  A merfolk avatar (Lair:5)
  A catoblepas (Lair:4)
  A death yak (Lair:3)
  A fire crab (Lair:5)
  2 sea snakes (Lair:5)
  Pikel (D:4)
  A harpy (Lair:5)
  2 manticores (Lair:5)
  8 elephants
  2 cane toads
  Maurice (D:10)
  3 black mambas
  A torpor snail (Lair:5)
  5 komodo dragons
  2 rime drakes
  3 hornets (Lair:5)
  2 trolls (D:10)
  The ghost of cheesebisquit the Chopper, an amateur MiBe of Trog (D:4)
  4 polar bears
  A wind drake (Lair:5)
  12 blink frogs
  5 dream sheep (Lair:5)
  A wraith (D:10)
  11 yaks
  3 steam dragons
  A basilisk (Lair:3)
  5 wyverns
  An acid dragon (D:10)
  14 water moccasins
  An ice beast (D:7)
  2 orc warriors (D:8)
  A sky beast (D:5)
  2 ogres
  A black bear (Lair:2)
  11 wolves
  3 centaurs
  A phantom (D:6)
  4 kobold brigands
  A gnoll sergeant (D:8)
  5 bullfrogs
  2 scorpions
  A necrophage (D:5)
  13 wights
  4 killer bees (D:8)
  3 howler monkeys (D:7)
  An electric eel (D:10)
  2 jellies
  9 hounds
  Natasha (twice) (D:2)
  3 iguanas
  6 orc wizards
  15 gnolls
  4 adders
  2 shadow imps
  2 white imps
  An ufetubus (D:7)
  2 worms
  6 dart slugs
  17 orcs
  7 ball pythons
  3 bats
  3 endoplasms (D:4)
  A giant cockroach (D:1)
  5 goblins
  7 hobgoblins
  2 quokkas
  2 frilled lizards (D:1)
  17 kobolds
  4 rats
276 creatures vanquished.

Vanquished Creatures (others)
  A bush (Lair:4)
  9 fulminant prisms
  39 fungi
  46 plants
95 creatures vanquished.

Grand Total: 371 creatures vanquished

Notes
Turn   | Place    | Note
-------+----------+-------------------------------------------
     0 | D:1      | FexLirch the Meteoran Earth Elementalist began the quest
                  | for the Orb.
     0 | D:1      | Reached XP level 1. HP: 14/14 MP: 5/5
   116 | D:1      | Reached XP level 2. HP: 20/20 MP: 3/6
   118 | D:1      | Reached skill level 3 in Spellcasting
   170 | D:1      | Reached skill level 1 in Conjurations
   222 | D:1      | Learned a level 2 spell: Passwall
   256 | D:1      | Reached XP level 3. HP: 24/26 MP: 5/8
   260 | D:1      | Learned a level 3 spell: Stone Arrow
   267 | D:2      | Noticed Natasha
   271 | D:2      | Killed Natasha
   272 | D:2      | Reached XP level 4. HP: 33/33 MP: 6/10
   367 | D:2      | Noticed Natasha
   371 | D:2      | Killed Natasha
   421 | D:3      | Reached skill level 4 in Spellcasting
   421 | D:3      | Reached XP level 5. HP: 38/38 MP: 8/12
   422 | D:3      | Found Uxyxty's General Store.
   434 | D:3      | Bought a scroll of teleportation for 39 gold pieces
   434 | D:3      | Bought a scroll of identify for 26 gold pieces
   480 | D:3      | Found a hazy altar of Hepliaklqana.
   500 | D:3      | Reached skill level 5 in Earth Magic
   628 | D:3      | Found Vaoscheu's Magic Scroll Shop.
   636 | D:3      | Bought a scroll of teleportation for 30 gold pieces
   641 | D:3      | Reached XP level 6. HP: 37/45 MP: 6/13
   667 | D:4      | Noticed Pikel
   692 | D:4      | Killed Pikel
   693 | D:4      | Reached skill level 7 in Spellcasting
   693 | D:4      | Reached XP level 7. HP: 41/50 MP: 1/19
   693 | D:4      | Reached XP level 8. HP: 46/57 MP: 1/20
   763 | D:4      | Found a transporter.
   776 | D:4      | Found a transporter.
   794 | D:4      | Reached skill level 8 in Spellcasting
   811 | D:4      | Noticed cheesebisquit's ghost (amateur MiBe)
   829 | D:4      | Killed cheesebisquit's ghost
   830 | D:4      | Reached skill level 9 in Spellcasting
   926 | D:5      | Entered Level 5 of the Dungeon
  1071 | D:6      | Reached skill level 10 in Spellcasting
  1071 | D:6      | Gained mutation: You passively map the area around you.
                  | [Meteoran growth]
  1071 | D:6      | Reached XP level 9. HP: 62/62 MP: 13/24
  1091 | D:6      | Found a basalt altar of Yredelemnul.
  1168 | D:5      | Reached skill level 11 in Spellcasting
  1293 | D:5      | Reached skill level 12 in Spellcasting
  1309 | D:5      | Found Citzir's Overcharged Wands.
  1603 | D:7      | Found a staircase to the Ecumenical Temple.
  1614 | D:7      | Reached skill level 13 in Spellcasting
  1617 | Temple   | Entered the Ecumenical Temple
  1685 | D:7      | Reached XP level 10. HP: 69/69 MP: 24/28
  1761 | D:7      | Reached skill level 14 in Spellcasting
  1785 | D:7      | Found Etuzu's Tremendous Tomes.
  1924 | D:8      | Found a bloodstained altar of Trog.
  1958 | D:8      | You fall into a shaft and drop 1 floor!
  1995 | D:7      | Reached skill level 15 in Spellcasting
  2017 | D:7      | Found a white marble altar of Elyvilon.
  2138 | D:10     | Entered Level 10 of the Dungeon
  2176 | D:9      | Found an ornate altar of the Wu Jian Council.
  2239 | D:9      | Reached skill level 1 in Fighting
  2239 | D:9      | Reached skill level 16 in Spellcasting
  2445 | D:8      | Reached XP level 11. HP: 79/79 MP: 22/32
  2568 | D:8      | Found a sacrificial altar of Ru.
  2698 | D:9      | Found a snail-covered altar of Cheibriados.
  2711 | D:9      | Became a worshipper of Cheibriados the Contemplative
  2756 | D:10     | Noticed a centaur warrior
  2777 | D:9      | Learned a level 4 spell: Flame Wave
  2848 | D:10     | Found an opulent altar of Gozag.
  2884 | D:10     | Reached skill level 1 in Fire Magic
  2887 | D:10     | Reached skill level 1 in Invocations
  2951 | D:10     | Found a staircase to the Lair.
  2980 | D:10     | Noticed Maurice
  2989 | D:10     | Killed Maurice
  3040 | D:10     | Reached skill level 5 in Dodging
  3059 | D:10     | Identified the +4 robe of Barnacled Lucidity {rF+ SInv}
  3115 | Lair:1   | Entered Level 1 of the Lair of Beasts
  3127 | Lair:1   | Reached skill level 17 in Spellcasting
  3127 | Lair:1   | Noticed an oklob plant
  3175 | Lair:2   | Learned a level 4 spell: Sticky Flame
  3214 | Lair:2   | Reached * piety under Cheibriados
  3234 | Lair:2   | Learned a level 5 spell: Lee's Rapid Deconstruction
  3239 | Lair:2   | Learned a level 4 spell: Iskenderun's Mystic Blast
  3244 | Lair:2   | Learned a level 4 spell: Fulminant Prism
  3287 | Lair:2   | Reached skill level 1 in Hexes
  3287 | Lair:2   | Reached skill level 1 in Translocations
  3318 | Lair:1   | Noticed a six-headed hydra
  3325 | Lair:1   | Killed a six-headed hydra
  3326 | Lair:1   | Reached XP level 12. HP: 81/91 MP: 17/34
  3451 | Lair:3   | Reached ** piety under Cheibriados
  3452 | Lair:3   | Reached skill level 5 in Conjurations
  3499 | Lair:3   | Noticed a six-headed hydra
  3508 | Lair:3   | Killed a six-headed hydra
  3509 | Lair:3   | Reached skill level 5 in Invocations
  3520 | Lair:3   | Found a staircase to the Snake Pit.
  3558 | Lair:2   | Reached skill level 5 in Fire Magic
  3624 | Lair:3   | Noticed a death yak
  3624 | Lair:3   | Noticed a death yak
  3629 | Lair:3   | Killed a death yak
  3630 | Lair:3   | Reached skill level 1 in Summonings
  3665 | Lair:3   | Reached skill level 18 in Spellcasting
  3717 | Lair:4   | Noticed a catoblepas
  3728 | Lair:4   | Killed a catoblepas
  3733 | Lair:4   | Reached XP level 13. HP: 33/96 MP: 5/36
  3756 | Lair:4   | Noticed a death yak
  3756 | Lair:4   | Noticed a death yak
  3793 | Lair:5   | Entered Level 5 of the Lair of Beasts
  3817 | Lair:5   | Reached *** piety under Cheibriados
  3874 | Lair:5   | Reached skill level 5 in Summonings
  4020 | Lair:5   | Reached **** piety under Cheibriados
  4028 | Lair:5   | Reached skill level 19 in Spellcasting
  4101 | Lair:5   | Noticed a merfolk avatar
  4111 | Lair:5   | Killed a merfolk avatar
  4112 | Lair:5   | Reached XP level 14. HP: 68/104 MP: 9/38
  4122 | Lair:5   | Found the +8 trident of the Octopus King {venom, rElec
                  | rPois}
  4169 | Lair:5   | Learned a level 7 spell: Summon Hydra
  4193 | Lair:5   | Found a runed translucent door.
  4193 | Lair:5   | Found a shimmering altar of Xom.
  4193 | Lair:5   | Noticed TheSexyCheese's ghost (journeyman HOFi)
  4233 | Lair:5   | Found a staircase to the Slime Pits.
  4234 | Lair:5   | HP: 5/104 [acid (45)]
  4234 | Lair:5   | Killed from afar by an oklob plant

Illustrated notes

Levels and vault maps discovered:
D:1:      dpeg_arrival_renting, layout_loops_ring,
          chequers_ecumenical_altar_twisty
D:2:      layout_basic, uniq_natasha
D:3:      layout_loops_ring, mainiacjoe_overflow_alcove_2, serial_shops,
          nicolae_shop_hallway_stairs, nicolae_shop_hallway_stairs,
          nicolae_shop_window_shopping, nicolae_shop_window_shopping,
          minmay_increasing_density
D:4:      layout_cave_pools, mainiacjoe_overflow_tiny_flanked,
          gammafunk_ghost_gnarly_gnolls, minmay_misc_feat_alley,
          minmay_snake_closets, uniq_pikel
D:5:      kennysheep_six_static_rooms, layout_loops_corners,
          nicolae_shop_overcharged_wands
D:6:      layout_loops_cross, mainiacjoe_overflow_24_doors
D:7:      layout_loops_cross, elyvilon_altar_4, minmay_temple_entry_sparse_star,
          serial_park_tiny_1, nicolae_shop_i_like_big_books,
          serial_bayou_pond_c, lightli_minifort
D:8:      layout_layer_cave, nicolae_ru_the_path_less_chosen,
          trog_butcher_becter, dreamdust_princess_corridor
D:9:      layout_gridville, cheibrodos_worm_habitat, marbit_many_paths,
          mainiacjoe_overflow_cross_hatched
D:10:     layout_cave_pools, grunt_gozag_breadcrumbs, erik_lair_island,
          uniq_maurice
D:11:     layout_basic, guppyfry_shop_venom, uniq_fannar
Temple:   nicolae_temple_hex_pool
Lair:1:   layout_loops_ring
Lair:2:   layout_roguey, lemuel_fruit_tree, serial_bayou_shore_b,
          grunt_megastairs_4
Lair:3:   layout_concentric_octagons, minmay_shoals_entry_hut,
          dummy_snake_entry, lemuel_oklob_altar
Lair:4:   layout_roguey, chequers_serial_rivers_room_a, beast_lair_carwin_1,
          grunt_megastairs_5
Lair:5:   gammafunk_lair_ancient_temple, layout_cave_pods,
          minmay_slime_entry_oklob_enclosed, ebering_ghost_xom

Skill      XL: |  1  2  3  4  5  6  7  8  9 10 11 12 13 |
---------------+----------------------------------------+-----
Spellcasting   | 3 4 7 10 13 16 17 18 19 | 19.1
Conjurations   | 1 2 3 4 5 |  5.0
Earth Magic    | 4 5 6 |  6.0
Fighting       | 1 4 |  4.2
Dodging        | 3 5 7 9 |  9.5
Fire Magic     | 3 5 |  5.1
Invocations    | 3 5 |  5.4
Hexes          | 1 4 |  4.0
Translocations | 1 4 |  4.0
Summonings     | 2 9 |  9.2
Polearms       | |  0.2
Stealth        | |  1.4
Transmutations | |  1.2

Action                   |  1- 3 |  4- 6 |  7- 9 | 10-12 | 13-15 || total
-------------------------+-------+-------+-------+-------+-------++-------
Melee: Whip              |       |     4 |     5 |     9 |     7 ||    25
       Trident           |       |       |       |       |     1 ||     1
 Fire: Sling             |     5 |       |       |       |       ||     5
Throw: Dart              |       |       |       |     4 |     5 ||     9
 Cast: Sandblast         |    21 |    40 |    10 |    17 |    22 ||   110
       Stone Arrow       |       |    12 |    81 |   205 |    66 ||   364
       Passwall          |       |       |     2 |    13 |     2 ||    17
       Iskenderun's Myst |       |       |       |    14 |     7 ||    21
       Flame Wave        |       |       |       |     9 |    11 ||    20
       Lee's Rapid Decon |       |       |       |    16 |     6 ||    22
       Fulminant Prism   |       |       |       |     5 |     4 ||     9
       Sticky Flame      |       |       |       |     1 |       ||     1
       Summon Hydra      |       |       |       |       |     1 ||     1
Evoke: Wand              |       |       |       |     2 |       ||     2
  Use: Scroll            |       |     3 |     2 |     5 |     3 ||    13
       Potion            |       |       |       |     1 |     4 ||     5
Armor: Robe              |     2 |     5 |     5 |    64 |    31 ||   107
Dodge: Dodged            |     4 |    11 |    11 |   124 |    90 ||   240
